 Dungeon Crawl Stone Soup version 0.31.0-9-g3a7656b989 (webtiles) character file.

Game seed: 5305216325779746195

146 GordonOverkill the Chopper (level 4, -5/36 HPs)
             Began as a Demigod Gladiator on Jan 26, 2024.
             Slain by a kobold brigand
             ... wielding a +0 short sword
              (6 damage)
             ... in a sewer.
             The game lasted 00:03:28 (2425 turns).

GordonOverkill the Chopper (Demigod Gladiator)      Turns: 2425, Time: 00:03:28

Health: -5/36      AC:  6    Str: 19    XL:     4   Next: 79%
Magic:  6/6        EV: 11    Int: 10    God:
Gold:   73         SH:  0    Dex: 15    Spells: 3/3 levels left

rFire   . . .        b - +5 whip
rCold   . . .        (no shield)
rNeg    . . .        m - +0 ring mail
rPois   .            c - +0 helmet
rElec   .            (no cloak)
rCorr   .            (no gloves)
SInv    .            (no boots)
Will    .....        (no amulet)
Stlth   +            (no ring)
HPRegen 0.26/turn    (no ring)
MPRegen 0.10/turn

%: no passive effects
@: invisible
A: high MP 1, forlorn, divine attributes
a: no special abilities


You were in a sewer.
You visited 1 branch of the dungeon, and saw 3 of its levels.
You also visited: Sewer.

You collected 73 gold pieces.

Inventory:

Hand Weapons
 a - a +1 war axe
 b - a +5 whip (weapon)
 l - a +2 hand axe of distortion
Missiles
 d - 3 throwing nets
 e - 7 javelins
 i - 9 poisoned darts (quivered)
Armour
 c - a +0 helmet (worn)
 m - a +0 ring mail (worn)
Potions
 f - a potion of enlightenment
 g - a potion of resistance
 j - a potion of magic {unknown}
 k - a potion of invisibility
 n - a potion of degeneration {unknown}
 r - 2 potions of brilliance {unknown}


   Skills:
 - Level 1.7 Fighting
 + Level 5.3 Axes
 - Level 1.7 Throwing
 - Level 2.6 Dodging


You had 3 spell levels left.
You didn't know any spells.
Your spell library contained the following spells:

 Spells                   Type           Power      Damage    Failure   Level
 Ensorcelled Hibernation  Hex/Ice        0%         N/A       69%         2
 Ozocubu's Armour         Ice            0%         N/A       89%         3
 Passwall                 Erth           0%         N/A       89%         3
 Swiftness                Air            0%         N/A       89%         3
 Metabolic Englaciation   Hex/Ice        0%         N/A       100%        5
 Sculpt Simulacrum        Ice/Alch       0%         N/A       100%        6


Dungeon Overview and Level Annotations

Branches:
Dungeon (3/15)              Sewer (1/1)

Shops:
D:1 =


Innate Abilities, Weirdness & Mutations

You have an increased reservoir of magic. (+10% MP)
You shall have no god before yourself.
Your divine heritage dramatically boosts your attributes as you level up.


Message History

You catch the helpless kobold brigand completely off-guard!
You whack the kobold brigand!
The kobold brigand is severely wounded.
You feel sick. The kobold brigand barely misses you.
You closely miss the kobold brigand.
The kobold brigand is severely wounded.
You feel sick.
You are no longer poisoned.
The kobold brigand hits you but does no damage.
You hit the kobold brigand.
The kobold brigand is almost dead.
The kobold brigand hits you with a +0 whip.
* * * LOW HITPOINT WARNING * * *
The kobold brigand hits you but does no damage.
The kobold hits you with a +0 dagger.
* * * LOW HITPOINT WARNING * * *
You barely miss the kobold brigand.
The kobold brigand is almost dead.
The kobold brigand hits you with a +0 whip.
* * * LOW HITPOINT WARNING * * *
The kobold brigand closely misses you. The kobold closely misses you.
You catch the helpless kobold brigand completely off-guard!
You hit the kobold brigand.
The kobold brigand is almost dead.
The kobold brigand misses you.
The kobold brigand hits you but does no damage.
The kobold hits you with a +0 dagger.
* * * LOW HITPOINT WARNING * * *
You hit the kobold brigand.
The kobold brigand is almost dead.
The kobold brigand hits you with a +0 whip.
* * * LOW HITPOINT WARNING * * *
The kobold brigand hits you with a +0 short sword.
* * * LOW HITPOINT WARNING * * *
The kobold hits you but does no damage.
You feel better.
The kobold brigand hits you with a +0 whip!
* * * LOW HITPOINT WARNING * * *
The kobold brigand hits you with a +0 short sword.
You die...

#......#~≈~~~~......#
#......#~≈~~~~......#
#......#~≈~#P~P....##
#....~~#~~~#~~.....#
##...~†#~≈~#~......#
##...~~~~≈~#.......#
#....~~~~≈~#.......#
###...P#~≈~#.......#
#..P.#~≈~#.K@..###
##++##~~~##KK###
#~≈~#.... #~≈~#..!.#
#~≈~#.∩..# #~≈~#....#
#####~≈~######
#...'~~~# #∩∩.#~≈~#


You could see 2 kobold brigands and a kobold (unable to see you).

Vanquished Creatures
  A kobold brigand (Sewer)
  An adder (Sewer)
  2 ribbon worms (D:2)
  A dart slug (D:2)
  2 ball pythons
  3 endoplasms
  6 giant cockroaches
  6 goblins
  4 hobgoblins
  7 jackals
  2 quokkas (D:3)
  7 bats
  2 frilled lizards
  4 kobolds
  4 rats
52 creatures vanquished.

Notes
Turn   | Place    | Note
-------+----------+-------------------------------------------
     0 | D:1      | GordonOverkill the Demigod Gladiator began the quest for
                  | the Orb.
     0 | D:1      | Reached XP level 1. HP: 17/17 MP: 3/3
    47 | D:1      | Reached skill level 3 in Axes
   125 | D:1      | Reached XP level 2. HP: 24/24 MP: 4/4
   396 | D:1      | You fall into a shaft and drop 1 floor!
   704 | D:1      | Found Gezis's Jewellery Shoppe.
  1042 | D:2      | Reached XP level 3. HP: 26/29 MP: 5/5
  1045 | D:2      | Reached skill level 4 in Axes
  2133 | D:3      | Found a glowing drain.
  2160 | Sewer    | Entered a sewer
  2224 | Sewer    | Noticed a kobold brigand
  2240 | Sewer    | Killed a kobold brigand
  2241 | Sewer    | Reached skill level 5 in Axes
  2241 | Sewer    | Reached XP level 4. HP: 12/36 MP: 6/6
  2413 | Sewer    | Noticed a kobold brigand
  2413 | Sewer    | Noticed a kobold brigand
  2425 | Sewer    | HP: 1/36 [kobold brigand/+0 whip (9)]
  2425 | Sewer    | Slain by a kobold brigand

Illustrated notes

Levels and vault maps discovered:
D:1:      dpeg_arrival_rhombus, layout_basic, serial_shops,
          nicolae_shop_pleasant_corner_grove, kennysheep_nondescript,
          ebering_dispersal_statue_hall
D:2:      layout_basic, serial_rivers, chequers_serial_rivers_micro_c,
          chequers_serial_rivers_room_b, chequers_serial_rivers_marsh,
          chequers_serial_rivers_room_b, chequers_serial_rivers_large_a,
          chequers_serial_rivers_room_b, minmay_misc_feat_more_columns,
          minmay_hexomino_c4
D:3:      layout_basic, portal_sewer_entry_f, dk_noncrumbling_2,
          item_on_display_a, uniq_grinder
Sewer:    kennysheep_pipe_town

Skill      XL: |  1  2  3 |
---------------+----------+-----
Axes           | 3 5 |  5.3
Fighting       | |  1.7
Throwing       | |  1.7
Dodging        | |  2.6

Action                     |  1- 3 |  4- 6 || total
---------------------------+-------+-------++-------
  Melee: War axe           |   140 |       ||   140
         Punch             |     1 |       ||     1
         Whip              |       |    20 ||    20
    Use: Scroll            |     7 |       ||     7
         Potion            |     2 |     2 ||     4
   Stab: Sleeping          |     1 |       ||     1
         Invisible         |       |     2 ||     2
 Armour: Leather armour    |    57 |       ||    57
         Ring mail         |    33 |    19 ||    52
  Dodge: Dodged            |    82 |    13 ||    95
